 Dungeon Crawl Stone Soup version 0.14-a0-1811-gdc2d5af (webtiles) character file.

82 M4edhros the Shield-Bearer (level 3, 13/23 HPs)
             Began as an Octopode Fighter on Jan 8, 2014.
             Quit the game on Level 2 of the Dungeon.
             The game lasted 00:00:54 (742 turns).

M4edhros the Shield-Bearer (Octopode Fighter)        Turns: 742, Time: 00:00:54

HP  13/23        AC  1     Str 15      XL: 3   Next: 50%
MP   3/3         EV 10     Int 11      God:
Gold 42          SH 18     Dex 11      Spells:  0 memorised,  2 levels left

rFire  . . .     SeeInvis .     a - +0 trident
rCold  . . .     Clarity  .     c - +0 shield
rNeg   . . .     Conserve .     (helmet restricted)
rPois  .         rCorr    .     (no amulet)
rElec  .         rRot     .     (no ring)
SustAb . .       Spirit   .     (no ring)
rMut   .         Warding  .     (no ring)
Saprov . . .     RndTele  +     (no ring)
                                (no ring)
                                (no ring)
                                (no ring)
                                (no ring)

@: not resistant to hostile enchantments, fairly stealthy
A: almost no armour, amphibious, 8 rings, constrict 8, camouflage 1, frail 1,
teleportitis 1, wild magic 1, gelatinous body 1
a: no special abilities


You were on level 2 of the Dungeon.
You were not hungry.

You visited 1 branch of the dungeon, and saw 2 of its levels.

You collected 42 gold pieces.

Inventory:

Hand weapons
 a - a +0,+0 trident (weapon)
Armour
 c - a +0 shield (worn)
Comestibles
 d - a bread ration
 f - 3 meat rations
Scrolls
 e - 3 scrolls of identify {unknown}
 g - a scroll of immolation {unknown}
 h - a scroll of curse weapon {unknown}
 i - 2 scrolls of noise {unknown}
 j - a scroll of fear {unknown}
 k - a scroll of amnesia {unknown}


   Skills:
 - Level 3.0 Fighting
 - Level 2.0 Polearms
 - Level 3.0 Dodging
 + Level 4.4 Shields


You had 2 spell levels left.
You didn't know any spells.

Dungeon Overview and Level Annotations

Branches:
Dungeon (2/16)

Altars:


Innate Abilities, Weirdness & Mutations

You cannot wear most types of armour.
You are amphibious.
You can wear up to eight rings at the same time.
You can use your tentacles to constrict many enemies at once.
Your skin changes colour to match your surroundings (Stlth).
Your rubbery body absorbs attacks (AC +1).
You are frail (-10% HP).
Space occasionally distorts in your vicinity.
Your spells are a little harder to cast, but a little more powerful.


Message History

You feel better.
Drink which item? (? for menu, Esc to quit)
You feel extremely strange.
You feel clever.
You feel stupid.
You feel weirdly uncertain.
It was a potion of mutation.
Found a potion of mutation.
No target in view!
Found a ring mail.
You start resting.
Your surroundings suddenly seem different.
A worm comes into view.
There are no items here.
You see here a potion of mutation.
b - a potion of mutation Drink which item? (? for menu, Esc to quit)
You feel extremely strange.
You feel less in control of your magic.
You feel frail.
Quiver which item? (- for none, * to show all) (? for menu, Esc to quit)
Okay, then.
Are you sure you want to abandon this character and quit the game? (Confirm with "yes".)

#...#...######...#
#.....<.....%.....
##..<....##...#####
.................. ##
#.#######.......## #..
#.##### #.##......
##...##.....###.##......
.........................
###..@....###.#######.
#.[.##### #.# #. #...#
#.# #. ###.# #.. #. #.#
#.. #. ..# #... #. ..#
..## .w# ..# #.# ...


You could see a worm.

Vanquished Creatures
  2 adders (D:2)
  4 bats
  2 goblins (D:2)
  A hobgoblin (D:2)
  2 jackals (D:1)
  A quokka (D:2)
  A ball python (D:2)
  2 giant cockroaches
  2 giant newts
  3 kobolds (D:1)
  2 rats
22 creatures vanquished.

Notes
Turn   | Place    | Note
--------------------------------------------------------------
     0 | D:1      | M4edhros, the Octopode Fighter, began the quest for the Orb.
     0 | D:1      | Reached XP level 1. HP: 16/16 MP: 1/1
   197 | D:1      | Reached XP level 2. HP: 21/21 MP: 2/2
   648 | D:2      | Reached skill level 4 in Shields
   648 | D:2      | Reached XP level 3. HP: 18/26 MP: 3/3
   702 | D:2      | Gained mutation: Your mind is acute. (Int +2) [potion of mutation]
   702 | D:2      | Lost mutation: Your mind is acute. (Int +2) [potion of mutation]
   702 | D:2      | Gained mutation: Space occasionally distorts in your vicinity. [potion of mutation]
   741 | D:2      | Gained mutation: Your spells are a little harder to cast, but a little more powerful. [potion of mutation]
   741 | D:2      | Gained mutation: You are frail (-10% HP). [potion of mutation]
   742 | D:2      | Quit the game

Action                   || total
-------------------------++-------
Melee: Trident           ||    41
  Use: Potion            ||     2
 Stab: Sleeping          ||     3
